 Dungeon Crawl Stone Soup version 0.31.0-11-ge490571c62 (webtiles) character file.

Game seed: 3242393266148394832

80 qw the Shooter (level 4, -3/25 HPs)
             Began as a Deep Elf Hunter on Feb 4, 2024.
             Killed from afar by a white imp (5 damage)
             ... with a puff of frost
             ... summoned by Eustachio
             ... on level 4 of the Dungeon.
             The game lasted 00:00:09 (2659 turns).

qw the Shooter (Deep Elf Hunter)                    Turns: 2659, Time: 00:00:10

Health: -3/25      AC: 10    Str: 10      XL:     4   Next: 18%
Magic:  6/6        EV: 16    Int: 14      God:
Gold:   131        SH:  0    Dex: 16 (18) Spells: 3/3 levels left

rFire   . . .        a - +0 shortbow (heavy)
rCold   . . .        (shield currently unavailable)
rNeg    . . .        b - +3 ring mail
rPois   .            (no helmet)
rElec   .            e - +0 cloak
rCorr   .            (no gloves)
SInv    .            d - +0 pair of boots
Will    .....        (no amulet)
Stlth   +            j - +5 ring of evasion
HPRegen 0.24/turn    (no ring)
MPRegen 0.10/turn

%: no passive effects
@: no status effects
A: no striking features
a: no special abilities


You were on level 4 of the Dungeon.
You visited 1 branch of the dungeon, and saw 4 of its levels.

You collected 131 gold pieces.


   Skills:
 - Level 1.5 Fighting
 + Level 7.6 Ranged Weapons
 - Level 2.4 Dodging
 - Level 1.2 Stealth


You had 3 spell levels left.
You didn't know any spells.
Your spell library was empty.

Inventory:

Hand Weapons
 a - a +0 heavy shortbow (weapon)
Armour
 b - a +3 ring mail (worn)
 d - a +0 pair of boots (worn)
 e - a +0 cloak (worn)
Jewellery
 j - a +5 ring of evasion (left hand)
Wands
 l - a wand of flame (20)
Scrolls
 c - a scroll of fog {unknown}
 k - a scroll of teleportation

Dungeon Overview and Level Annotations

Branches:
Dungeon (4/15)
 Temple: D:4-7

Altars:
Wu Jian

Annotations:
D:4 Eustachio


Message History

You shoot an arrow. The arrow hits the river rat.
You kill the river rat!
The river rat's corpse disappears in a puff of smoke!
Eustachio casts a spell.
Eustachio blinks!
The quasit bites you.
You feel clumsy.
The quasit claws you but does no damage. x2
You shoot an arrow. The arrow hits the quasit.
The quasit is lightly wounded.
The quasit bites you but does no damage.
The quasit misses you.
The quasit claws you but does no damage.
Eustachio casts a spell.
The quasit bites you but does no damage.
The quasit claws you but does no damage. x2
You shoot an arrow. The arrow misses the quasit.
The arrow hits the crimson imp.
The crimson imp is moderately wounded.
The quasit barely misses you. The quasit closely misses you.
The quasit claws you.
You feel clumsy.
The quasit bites you but does no damage.
The quasit barely misses you. x2
You shoot an arrow. The arrow barely misses the quasit.
The arrow hits the crimson imp!
You kill the crimson imp!
The crimson imp disappears in a puff of smoke!
The quasit misses you. The quasit closely misses you.
The quasit claws you but does no damage.
The quasit bites you but does no damage.
The quasit closely misses you. The quasit barely misses you.
You shoot an arrow. The arrow hits the quasit!
You kill the quasit!
The quasit disappears in a puff of smoke!
The white imp gestures at you. The puff of frost hits you!
Eustachio gestures wildly while chanting.
Eustachio blinks!
The white imp gestures at you. The puff of frost hits you.
You die...

.###########
..r?@......####
#.......#
#r....@.#
#.......#
########.r.....#
+.....@ยค5......#
########r......#
.. #.......#
...###.......#
...........###
...........+
##.........#
...........#
...........# #


You could see Eustachio, a white imp (summoned) and 2 quokkas.

Vanquished Creatures
  A gnoll (D:1)
  2 adders (D:3)
  2 dart slugs
  2 ribbon worms
  An orc (D:3)
  8 ball pythons
  A bat (D:2)
  3 endoplasms
  4 giant cockroaches
  A goblin (D:1)
  3 hobgoblins
  3 kobolds
  4 quokkas
  4 frilled lizards
  2 rats (D:1)
41 creatures vanquished.

Notes
Turn   | Place    | Note
-------+----------+-------------------------------------------
     0 | D:1      | qw the Deep Elf Hunter began the quest for the Orb.
     0 | D:1      | Reached XP level 1. HP: 12/12 MP: 3/3
     0 | D:1      | 0 ||| qw: Version: 0.3-a-160-g6735b56
     0 | D:1      | 0 ||| qw: Game counter: 5357
     0 | D:1      | 0 ||| qw: Melee chars always use a shield: true
     0 | D:1      | 0 ||| qw: God list: Okawaru
     0 | D:1      | 0 ||| qw: Allow faded altars: false
     0 | D:1      | 0 ||| qw: Do Orc after clearing Dungeon:15 true
     0 | D:1      | 0 ||| qw: Do second Lair branch before Depths: true
     0 | D:1      | 0 ||| qw: Lair rune preference: random
     0 | D:1      | 0 ||| qw: Goals: Normal
     0 | D:1      | 0 ||| PLANNING D:1-11
   193 | D:1      | Reached XP level 2. HP: 16/16 MP: 4/4
   206 | D:1      | Found a faded altar of an unknown god.
   264 | D:1      | Reached skill level 6 in Ranged Weapons
   641 | D:1      | You fall into a shaft and drop 1 floor!
   702 | D:2      | 702 ||| READING scroll labelled UDWOSE FUUDI.
   762 | D:2      | Reached XP level 3. HP: 19/20 MP: 5/5
   812 | D:2      | 812 ||| READING scroll labelled GIAREU LIRPHUBU.
   812 | D:2      | 812 ||| IDENTIFYING puce potion
   813 | D:2      | 813 ||| DROPPING scroll of butterflies.
   814 | D:2      | 814 ||| DROPPING potion of ambrosia.
  1160 | D:1      | 1160 ||| UPGRADING to +0 ring mail.
  1170 | D:1      | 1170 ||| DROPPING +0 leather armour.
  1171 | D:1      | 1171 ||| READING scroll labelled UTASCH XIWOUTI.
  1172 | D:1      | 1172 ||| READING scroll labelled YSUSTO WI YTEU.
  1172 | D:1      | 1172 ||| ENCHANTING +0 ring mail.
  1348 | D:2      | 1348 ||| READING 2 scrolls of enchant armour.
  1348 | D:2      | 1348 ||| ENCHANTING +1 ring mail.
  1349 | D:2      | 1349 ||| READING scroll of enchant armour.
  1349 | D:2      | 1349 ||| ENCHANTING +2 ring mail.
  1606 | D:2      | 1606 ||| UPGRADING to +0 pair of boots.
  1611 | D:2      | 1611 ||| READING scroll of identify.
  1611 | D:2      | 1611 ||| IDENTIFYING scroll labelled WEVVEI RUAKLI
  1612 | D:2      | 1612 ||| READING 2 scrolls labelled AKOQETTIOT.
  1613 | D:2      | 1613 ||| READING scroll labelled DUTIR BYTO.
  1614 | D:2      | 1614 ||| READING scroll labelled RICEQA QUGRU XUUTO.
  1715 | D:2      | 1715 ||| READING scroll labelled FEHA ONUUBIDGHO.
  1716 | D:2      | 1716 ||| READING scroll labelled MEFYUROSHRU.
  1717 | D:2      | 1717 ||| DROPPING scroll of poison.
  1718 | D:2      | 1718 ||| DROPPING scroll of revelation.
  1856 | D:3      | Reached skill level 7 in Ranged Weapons
  2291 | D:3      | Found an ornate altar of the Wu Jian Council.
  2440 | D:3      | Reached XP level 4. HP: 25/25 MP: 6/6
  2512 | D:3      | 2512 ||| UPGRADING to +0 cloak.
  2517 | D:3      | 2517 ||| DROPPING amulet of magic regeneration.
  2518 | D:3      | 2518 ||| UPGRADING to +5 ring of evasion.
  2519 | D:3      | 2519 ||| READING scroll of identify.
  2519 | D:3      | 2519 ||| IDENTIFYING murky inky potion
  2520 | D:3      | 2520 ||| READING 2 scrolls labelled KUAJAKISUH.
  2565 | D:3      | 2565 ||| READING 2 scrolls labelled ZOTAME TAKHLADGH.
  2565 | D:3      | 2565 ||| BRANDING +0 shortbow.
  2566 | D:3      | 2566 ||| READING scroll of brand weapon.
  2566 | D:3      | 2566 ||| BRANDING +0 shortbow of freezing.
  2567 | D:3      | 2567 ||| DROPPING potion of invisibility.
  2568 | D:3      | 2568 ||| DROPPING scroll of torment.
  2640 | D:4      | Noticed Eustachio
  2643 | D:4      | 2643 ||| RETREEEEATING.
  2646 | D:4      | 2646 ||| RETREEEEATING.
  2647 | D:4      | 2647 ||| RETREEEEATING.
  2648 | D:4      | 2648 ||| RETREEEEATING.
  2649 | D:4      | 2649 ||| RETREEEEATING.
  2659 | D:4      | HP: 2/25 [white imp/puff of frost[Eustachio] (9)]
  2659 | D:4      | Killed from afar by a white imp

Levels and vault maps discovered:
D:1:      lightli_arrival_windingriver, layout_basic,
          shapermc_ecumenical_altar_totnotflames, serial_forest,
          infiniplex_forest_end_2, infiniplex_forest_lined_3_way,
          infiniplex_forest_join, infiniplex_forest_end_double
D:2:      layout_loops_ring
D:3:      kennysheep_six_static_rooms, layout_loops_ring,
          nicolae_wu_jian_glorious_leap
D:4:      layout_basic, serial_bayou_ford_a, uniq_robin, uniq_eustachio

Skill      XL: |  1  2  3 |
---------------+----------+-----
Ranged Weapons | 6 7 |  7.6
Fighting       | |  1.5
Dodging        | |  2.4
Stealth        | |  1.2

Action                     |  1- 3 |  4- 6 || total
---------------------------+-------+-------++-------
   Fire: Shortbow          |   111 |    22 ||   133
    Use: Scroll            |    12 |     4 ||    16
 Armour: Leather armour    |     6 |       ||     6
         Ring mail         |    11 |    19 ||    30
  Dodge: Dodged            |    18 |    18 ||    36

Table legend:
 A = Non-vault XP
 B = Vault XP
 C = Vault XP percentage of total XP
 D = Non-vault monster count
 E = Vault monster count
 F = Vault count percentage of total count
                 A         B        C        D         E       F
            +---------+---------+-------+---------+---------+-------
      Total |      93 |      22 |  19.1 |      35 |       6 |  14.6
            +---------+---------+-------+---------+---------+-------
        D:1 |      38 |       0 |   0.0 |      16 |       0 |   0.0
        D:2 |      16 |       0 |   0.0 |       6 |       0 |   0.0
        D:3 |      37 |      22 |  37.3 |      12 |       6 |  33.3
        D:4 |       2 |       0 |   0.0 |       1 |       0 |   0.0
            +---------+---------+-------+---------+---------+-------
